 Dungeon Crawl Stone Soup version 0.29-a0-887-gcbe080d7e0 (webtiles) character file.

Game seed: 5580548762469648622

233 porpoise the Poker (level 5, -5/43 HPs)
             Began as a Demonspawn Gladiator on July 22, 2022.
             Slain by a black bear (7 damage)
             ... on level 6 of the Dungeon.
             The game lasted 00:07:13 (2282 turns).

porpoise the Poker (Demonspawn Gladiator)           Turns: 2282, Time: 00:07:14

Health: -5/43      AC: 14    Str: 17    XL:     5   Next: 74%
Magic:  5/5        EV: 10    Int:  9    God:
Gold:   162        SH:  0    Dex: 14    Spells: 4/4 levels left

rFire   . . .      SeeInvis .   a - +0 trident
rCold   . . .      Faith    .   (no shield)
rNeg    . . .      Spirit   .   m - +0 scale mail
rPois   .          Reflect  .   c - +1 helmet
rElec   .          Harm     .   (no cloak)
rCorr   .          Rampage  .   (no gloves)
Will    .....                   (no boots)
Stlth   ..........              (no amulet)
HPRegen 0.14/turn               (no ring)
MPRegen 0.09/turn               (no ring)

@: sanguine armoured
A: powered by death 1, sanguine armour 1
a: no special abilities


You were on level 6 of the Dungeon.
You visited 1 branch of the dungeon, and saw 4 of its levels.

You collected 190 gold pieces.
You spent 28 gold pieces at shops.

Inventory:

Hand Weapons
 a - a +0 trident (weapon)
 b - a +0 sling
Missiles
 d - a throwing net (quivered)
 e - 6 javelins
 h - 4 poisoned darts
Armour
 c - a +1 helmet (worn)
 k - an orb of guile
 m - a +0 scale mail (worn)
Scrolls
 g - a scroll of identify
 n - a scroll of enchant armour
 o - a scroll of teleportation
Potions
 f - a potion of curing
 i - a potion of heal wounds


   Skills:
 + Level 4.4 Fighting
 + Level 4.6 Polearms
 - Level 1.7 Throwing
 - Level 2.6 Dodging


You had 4 spell levels left.
You didn't know any spells.
Your spell library contained the following spells:

 Spells                   Type           Power      Damage    Failure   Level
 Gell's Gravitas          Tloc           0%         N/A       99%         3
 Lesser Beckoning         Tloc           0%         N/A       99%         3
 Teleport Other           Tloc           0%         N/A       99%         3
 Dispersal                Tloc           0%         N/A       100%        6


Dungeon Overview and Level Annotations

Branches:
Dungeon (3/15)

Altars:
Cheibriados

Shops:
D:2 *


Innate Abilities, Weirdness & Mutations

You regenerate a little health from kills.
When seriously injured, your blood forms armour. (AC +6)


Message History

The black bear bites you but does no damage.
The black bear claws you but does no damage. x2
The black bear bites you but does no damage.
The black bear barely misses you. The black bear closely misses you.
You hit the black bear.
The black bear is almost dead.
The black bear bites you but does no damage.
The black bear claws you. x2
You barely miss the black bear.
The black bear is almost dead.
The black bear bites you but does no damage.
The black bear claws you but does no damage.
The black bear barely misses you. The black bear closely misses you.
The black bear claws you. x2
You barely miss the black bear.
The black bear is almost dead.
The black bear bites you. The black bear barely misses you.
The black bear claws you but does no damage.
The black bear bites you.
* * * LOW HITPOINT WARNING * * *
The black bear claws you but does no damage. x2
You hit the black bear.
The black bear is almost dead.
The black bear misses you.
The black bear claws you but does no damage. x2
You barely miss the black bear.
The black bear is almost dead.
The black bear misses you. x2
The black bear claws you but does no damage.
The black bear bites you!
* * * LOW HITPOINT WARNING * * *
The black bear closely misses you.
The black bear claws you but does no damage.
Throw: 2 throwing nets
Press: ? - help, Q - select action, (/) - cycle Shift-Dir - straight line, f/p - black bear
Aim: a black bear (almost dead, berserk, 68% to hit)
You throw a throwing net.
The throwing net barely misses the black bear.
The black bear bites you!
You die...

#.#
##+###.#
+(.....#
#?$....#♣♣
#........
#.......
#....h.#
#@# #.###
#...###
###[..#
###.....#
.......
#######


You could see a black bear (berserk).

Vanquished Creatures
  Sigmund (D:2)
  3 adders
  2 worms
  A dart slug (D:1)
  An orc (D:6)
  6 endoplasms
  3 giant cockroaches
  2 goblins (D:2)
  3 hobgoblins
  3 jackals (D:1)
  8 kobolds
  3 ball pythons
  5 bats
  A frilled lizard (D:1)
  5 rats
47 creatures vanquished.

Vanquished Creatures (others)
  A fungus (D:1)
  9 plants (D:2)
10 creatures vanquished.

Grand Total: 57 creatures vanquished

Notes
Turn   | Place    | Note
-------+----------+-------------------------------------------
     0 | D:1      | porpoise the Demonspawn Gladiator began the quest for the
                  | Orb.
     0 | D:1      | Reached XP level 1. HP: 16/16 MP: 1/1
   526 | D:1      | Gained mutation: When seriously injured, your blood forms
                  | armour. (AC +6) [demonic ancestry]
   526 | D:1      | Reached XP level 2. HP: 23/23 MP: 2/2
   949 | D:1      | Reached XP level 3. HP: 27/28 MP: 3/3
  1239 | D:2      | Noticed Sigmund
  1273 | D:2      | Killed Sigmund
  1274 | D:2      | Gained mutation: You regenerate a little health from kills.
                  | [demonic ancestry]
  1274 | D:2      | Reached XP level 4. HP: 10/37 MP: 4/4
  1274 | D:2      | Reached XP level 5. HP: 11/42 MP: 5/5
  1591 | D:2      | Found Faavareu's Assorted Antiques.
  1599 | D:2      | Bought a scroll labelled ORUWAONWISI for 15 gold pieces
  1599 | D:2      | Bought a murky green potion for 13 gold pieces
  1906 | D:2      | Found a faded altar of an unknown god.
  2017 | D:3      | Found a snail-covered altar of Cheibriados.
  2086 | D:3      | You fall into a shaft and drop 3 floors!
  2263 | D:6      | Noticed a black bear
  2281 | D:6      | HP: 2/43 [black bear (10)]
  2282 | D:6      | Slain by a black bear

Illustrated notes

Levels and vault maps discovered:
D:1:      dpeg_arrival_water_fire, layout_loops_ring, minmay_misc_feat_tiny
D:2:      layout_loops_ring, dilly_ecumenical_altar_fadedgnrine, serial_shops,
          nicolae_shop_waterfront, uniq_sigmund
D:3:      layout_rooms, cheibriados_altar_1, serial_shops, shop, uniq_terence
D:6:      kb_forest_paths, layout_basic, elyvilon_altar_3, vehumet_crystals,
          kennysheep_little_box, serial_shops, nicolae_shop_statue_plus

Skill      XL: |  1  2  3 |
---------------+----------+-----
Polearms       | 3 4 |  4.6
Fighting       | 4 |  4.4
Throwing       | |  1.7
Dodging        | |  2.6

Action                   |  1- 3 |  4- 6 || total
-------------------------+-------+-------++-------
Melee: Trident           |   103 |    60 ||   163
       Punch             |       |     1 ||     1
 Fire: Sling             |       |    19 ||    19
Throw: Throwing net      |     1 |     2 ||     3
  Use: Scroll            |       |     7 ||     7
 Stab: Held in net/web   |       |     2 ||     2
Armor: Chain mail        |    39 |       ||    39
       Scale mail        |     4 |    37 ||    41
Dodge: Dodged            |    31 |    38 ||    69

Table legend: (Time is in decaauts)
 A = Elapsed time spent in this place.
 B = Non-inter-level travel time spent in this place.
 C = Inter-level travel time spent in this place.
 D = Time resting spent in this place.
 E = Time spent auto-exploring this place.
 F = Levels seen in this place.
 G = Mean time per level.
                   A        B        C        D        E       F      G
               +--------+--------+--------+--------+--------+-----+--------+
         Total |   2303 |   2247 |     56 |    547 |   1185 |   4 |  575.8 |
       Dungeon |   2303 |   2247 |     56 |    547 |   1185 |   4 |  575.8 |
               +--------+--------+--------+--------+--------+-----+--------+

Top non-repeatable levels by time:
     D:1: 1070 daAuts
     D:2: 965 daAuts
     D:6: 196 daAuts
     D:3: 71 daAuts
